AoeStats
← [CANTINAMX] | Vintar Khan

Lombardia

509798863Analyzed
4v4 RM · 6d ago on Sep 28, 2026· 49m 51s· 8 players
Game mode
Random Map
Map size
Large (8 player)
Population
200
Speed
Normal
Resources
Standard
Victory
Conquest
Starting age
Dark Age
Ending age
Imperial Age
RankedLock teamsTeams togetherTeam positionsShared explorationLock speedFull tech treeHidden civsTurbo modeCheats
Victory
Defeat
🇨🇴 Burgundians · Colombia
1545
+12
🇨🇴 Mongols · Colombia
1520
+13
🇺🇸 Varangians · United States
1500
+14
1437
+18
🇦🇷 Varangians · Argentina
1652
-21
🇨🇱 Vietnamese · Chile
1545
-17
🇦🇷 Mongols · Argentina
1424
-13
🇦🇷 Persians · Argentina
1231
-6
Polestar
7:57 Loom
10:17 Feudal Age
12:21 Bloodlines
16:11 Forging
20:49 Castle Age
19:05 Double-Bit Axe
19:01 Horse Collar
20:42 Scale Barding Armor
22:28 Iron Casting
25:25 Bow Saw
25:59 Heavy Plow
27:08 Chain Barding Armor
26:46 Stone Mining
26:50 Gold Mining
29:59 Stone Shaft Mining
30:31 Wheelbarrow
32:18 Hand Cart
35:53 Imperial Age
33:48 Husbandry
34:55 Caravan
36:05 Elite Jarl
37:54 Blast Furnace
37:29 Plate Barding Armor
39:00 Two-Man Saw
38:32 Crop Rotation
38:27 Conscription
39:46 Plate Barding Armor
[CANTINAMX] | Vintar Khan
6:33 Loom
10:00 Feudal Age
10:51 Double-Bit Axe
12:14 Horse Collar
12:28 Fletching
20:38 Castle Age
20:51 Wheelbarrow
21:16 Pikeman
25:26 Gold Mining
25:25 Crossbowman
29:37 Ballistics
30:04 Padded Archer Armor
30:07 Bodkin Arrow
31:23 Town Watch
31:54 Leather Archer Armor
32:09 Hand Cart
33:07 Medical Corps
33:41 Husbandry
33:52 Thumb Ring
35:45 Stone Mining
38:40 Imperial Age
36:13 Squires
37:14 Caravan
38:48 Elite Elephant Archer
39:39 Bracer
40:10 Ring Archer Armor
40:43 Chemistry
41:06 Hoardings
40:54 Conscription
42:02 Elite Skirmisher
44:16 Hoardings
47:00 Halberdier
47:26 Arson
dialchacri
5:25 Loom
7:59 Feudal Age
8:39 Double-Bit Axe
9:17 Horse Collar
17:02 Wheelbarrow
17:06 Forging
20:56 Castle Age
19:41 Scale Barding Armor
22:17 Iron Casting
25:46 Bow Saw
27:34 Bloodlines
29:46 Fletching
30:49 Ballistics
31:37 Husbandry
36:56 Imperial Age
35:04 Hand Cart
35:04 Bodkin Arrow
35:10 Padded Archer Armor
37:50 Bracer
38:21 Conscription
38:43 Leather Archer Armor
38:29 Capped Ram
38:31 Elite Mangudai
41:21 Chain Barding Armor
40:24 Light Cavalry
42:29 Blast Furnace
42:13 Hoardings
44:16 Chemistry
43:02 Hussar
44:01 Siege Ram
44:57 Caravan
Chigüiro
3:47 Loom
6:02 Double-Bit Axe
11:28 Feudal Age
10:42 Horse Collar
17:31 Castle Age
17:54 Cavalier
19:28 Scale Barding Armor
26:26 Chain Barding Armor
28:32 Forging
30:25 Husbandry
30:41 Gold Mining
32:25 Gold Shaft Mining
33:18 Iron Casting
34:21 Wheelbarrow
36:57 Imperial Age
34:56 Stone Mining
35:20 Caravan
35:31 Guilds
36:56 Burgundian Vineyards
36:35 Light Cavalry
37:09 Fletching
37:44 Ballistics
38:49 Chemistry
37:20 Paladin
38:42 Plate Barding Armor
40:37 Conscription
42:36 Hussar
45:24 Blast Furnace
46:03 Hand Cart
46:35 Bow Saw
47:13 Masonry
47:22 Bodkin Arrow
47:26 Elite Coustillier
48:52 Fortified Wall
50:10 Bracer
Danub
3:14 Loom
10:03 Feudal Age
10:56 Double-Bit Axe
15:37 Castle Age
16:53 Bow Saw
20:26 Horse Collar
21:15 Gold Mining
21:49 Fletching
22:02 Town Watch
23:49 Bodkin Arrow
26:03 Wheelbarrow
25:45 Padded Archer Armor
26:02 Stone Mining
28:39 Hand Cart
29:33 Leather Archer Armor
30:45 Stone Shaft Mining
32:19 Ballistics
35:00 Imperial Age
33:45 Treadmill Crane
36:00 Thumb Ring
36:21 Bracer
36:19 Elite Rattan Archer
38:33 Chemistry
38:44 Ring Archer Armor
38:22 Heavy Plow
39:24 Two-Man Saw
38:59 Masonry
40:11 Paper Money
39:13 Elite Skirmisher
39:56 Town Patrol
40:39 Siege Engineers
43:25 Arson
43:44 Caravan
45:01 Coinage
44:54 Murder Holes
44:44 Arrowslits
45:57 Scale Barding Armor
46:02 Forging
46:43 Chatras
47:04 Chain Barding Armor
46:12 Elite Battle Elephant
47:03 Bloodlines
47:58 Banking
47:38 Guilds
48:08 Iron Casting
47:38 Husbandry
Popeye
8:15 Loom
10:20 Feudal Age
14:15 Double-Bit Axe
14:12 Horse Collar
22:08 Castle Age
26:15 Wheelbarrow
26:25 Gold Mining
28:52 Fletching
29:03 Padded Archer Armor
29:58 Bodkin Arrow
33:57 Imperial Age
31:57 Husbandry
33:12 Bloodlines
33:09 Scale Barding Armor
33:14 Forging
34:00 Town Watch
34:47 Bow Saw
34:52 Heavy Plow
36:43 Iron Casting
36:29 Chain Barding Armor
37:14 Gold Shaft Mining
36:56 Hand Cart
36:49 Cavalier
39:44 Plate Barding Armor
40:12 Savar
43:51 Blast Furnace
43:13 Caravan
46:41 Citadels
48:55 Light Cavalry
Molle
8:33 Feudal Age
11:34 Double-Bit Axe
11:43 Loom
15:02 Forging
17:43 Wheelbarrow
20:59 Castle Age
19:19 Gold Mining
19:14 Horse Collar
20:10 Bloodlines
20:52 Scale Barding Armor
21:52 Bow Saw
21:12 Light Cavalry
22:21 Husbandry
27:27 Chain Barding Armor
32:32 Iron Casting
33:20 Hand Cart
32:57 Town Watch
35:32 Stone Mining
39:03 Imperial Age
37:59 Pikeman
38:39 Squires
38:41 Scale Mail Armor
40:01 Chain Mail Armor
39:20 Cavalier
40:37 Plate Barding Armor
41:05 Blast Furnace
40:23 Chain Mail Armor
40:14 Vendel Legacy
42:05 Conscription
44:55 Halberdier
46:06 Plate Mail Armor
47:10 Two-Man Saw
47:05 Arson
GGINDU
10:26 Feudal Age
9:48 Loom
12:44 Double-Bit Axe
16:20 Forging
16:10 Scale Mail Armor
17:22 Horse Collar
20:26 Bloodlines
25:00 Castle Age
26:08 Husbandry
26:28 Gold Mining
27:36 Wheelbarrow
28:39 Scale Barding Armor
30:40 Heavy Plow
42:06 Imperial Age
39:52 Hand Cart
41:18 Ballistics
41:40 Padded Archer Armor
41:33 Fletching
42:10 Elite Mangudai
42:19 Heavy Camel Rider
42:24 Light Cavalry
43:29 Hussar
47:29 Chemistry
47:07 Bodkin Arrow
Connection lost

Rejoining the realm…

Still unreachable

The connection could not be restored.

Session expired

The server has moved on; the page needs a fresh start.